 Dungeon Crawl Stone Soup version 0.17-a0-1596-g1e86911 (webtiles) character file.

87 karlkraus the Shield-Bearer (level 4, -6/40 HPs)
             Began as a Minotaur Fighter on July 31, 2015.
             Mangled by simok's ghost (11 damage)
             ... on level 3 of the Dungeon.
             The game lasted 00:02:25 (1428 turns).

karlkraus the Shield-Bearer (Minotaur Fighter)      Turns: 1428, Time: 00:02:25

Health: -6/40      AC:  8    Str: 21    XL:     4   Next: 28%
Magic:  3/3        EV:  8    Int:  5    God:
Gold:   64         SH:  9    Dex: 10    Spells: 0 memorised, 3 levels left

rFire  . . .     SeeInvis .     a - +0 flail
rCold  . . .     Clarity  .     b - +0 scale mail
rNeg   . . .     SustAt   +     c - +0 shield
rPois  .         Gourm    .     (helmet restricted)
rElec  .         Spirit   .     i - +0 cloak
rCorr  .         Warding  .     (no gloves)
rMut   .         Stasis   .     (no boots)
MR     .....                    (no amulet)
Stlth  ..........               (no ring)
                                k - ring of sustain attributes

@: not resistant to hostile enchantments, extremely unstealthy
A: retaliatory headbutt, horns 2
a: no special abilities


You were on level 3 of the Dungeon.
You were near starving.

You visited 1 branch of the dungeon, and saw 3 of its levels.

You collected 64 gold pieces.

Inventory:

Hand weapons
 a - a +0 flail (weapon)
Armour
 b - a +0 scale mail (worn)
 c - a +0 shield (worn)
 i - a +0 cloak (worn)
Jewellery
 k - a ring of sustain attributes (left hand)
Scrolls
 d - a scroll of random uselessness {unknown}
 f - 3 scrolls of remove curse {unknown}
 g - a scroll of fog {unknown}
 l - a scroll of enchant armour {unknown}
 n - a scroll of identify {unknown}
Potions
 h - 2 potions of magic {unknown}
 j - 2 potions of curing {unknown}
 o - a potion of brilliance {unknown}
 q - a potion of lignification {unknown}
Comestibles
 e - a bread ration
 m - 5 fruits
 p - a beef jerky


   Skills:
 + Level 4.1 Fighting
 + Level 3.0 Maces & Flails
 + Level 4.5 Armour
 + Level 0.7 Dodging
 + Level 4.7 Shields


You had 3 spell levels left.
You didn't know any spells.

Dungeon Overview and Level Annotations

Branches:
Dungeon (3/15)

Altars:
Kikubaaqudgha
Makhleb
Xom

Annotations:
D:3 simok's ghost, average HEBe


Innate Abilities, Weirdness & Mutations

You reflexively headbutt those who attack you in melee.
You have a pair of horns on your head.


Message History

Simok's ghost hits you.
You hit simok's ghost but do no damage. You headbutt simok's ghost!
Simok's ghost is heavily damaged.
Simok's ghost hits you but does no damage.
You hit simok's ghost but do no damage.
Simok's ghost is heavily damaged.
Simok's ghost hits you.
* * * LOW HITPOINT WARNING * * *
You hit simok's ghost.
Simok's ghost is heavily damaged.
You block simok's ghost's attack. Simok's ghost hits you!
* * * LOW HITPOINT WARNING * * *
Your shield prevents you from hitting simok's ghost.
Simok's ghost is heavily damaged.
Simok's ghost hits you but does no damage.
You hit simok's ghost but do no damage.
You headbutt simok's ghost, but do no damage.
Simok's ghost is heavily damaged.
Simok's ghost hits you!
You die...

. #.......#
..###....<.##..%....
...#......##......
#........##.....
###...†..#.....#
##.............#####
#......#............
#........#..W..##...
...........###@.....#
...................##
.###....#..........###
#....#.............
######..........##.
##....#.#......
##..........#..#
##...........#..#
..........#......


You could see simok's ghost.

Vanquished Creatures
  Terence (D:2)
  2 adders (D:2)
  A worm (D:2)
  A giant gecko (D:3)
  A giant cockroach (D:1)
  8 goblins
  4 hobgoblins
  4 kobolds
  8 bats
  2 giant newts (D:2)
  2 jackals (D:2)
  2 quokkas (D:2)
  4 rats
40 creatures vanquished.

Notes
Turn   | Place    | Note
--------------------------------------------------------------
     0 | D:1      | karlkraus the Minotaur Fighter began the quest for the Orb.
     0 | D:1      | Reached XP level 1. HP: 19/19 MP: 0/0
   127 | D:1      | Reached skill level 4 in Shields
   127 | D:1      | Reached XP level 2. HP: 24/27 MP: 1/1
   589 | D:2      | Noticed Terence
   596 | D:2      | Killed Terence
   596 | D:2      | Reached XP level 3. HP: 25/33 MP: 2/2
   926 | D:2      | Reached XP level 4. HP: 40/40 MP: 3/3
  1263 | D:2      | Found a burning altar of Makhleb.
  1263 | D:2      | Found an ancient bone altar of Kikubaaqudgha.
  1264 | D:2      | Found a shimmering altar of Xom.
  1411 | D:3      | Noticed simok's ghost (average HEBe)
  1428 | D:3      | Mangled by simok's ghost

Vault maps used:
D:1:      eino_arrival_cavern_c, grunt_decor_cap
D:2:      gammafunk_temple_overflow_claw, uniq_terence
D:3:      lemuel_doored_altar, kennysheep_generic_room_11, uniq_sigmund

Action                   |  1- 3 |  4- 6 || total
-------------------------+-------+-------++-------
Melee: Flail             |    66 |    35 ||   101
  Use: Potion            |     1 |       ||     1
